Unix NetHack Version 3.7.0-97 Work-in-progress - last build Feb 8 2024 15:05:57 (6d6cdf8371b60126770a3d7b88910941cb14a054,branch:master). Game began 2024-03-02 05:14:52, ended 2024-03-02 05:46:27. laycre, lawful female dwarven Valkyrie ----- --- --. --.|.-- --.--- .<.. |.....--- --....| .... -......|----|....k---- ....- |......##..##........-- ....- |...---....|....|....d| ......| --..--|.......---....-- ----......-- --..|-...!..--|.>...| ............---- --.| |..... -....---.....".| |.| --@s.. ---- ---.....-----.|.. ----- --...-........- .......----.--- -------- |.| |.| |.| |.---- |....-- |.....| ----.-- --- Laycre the Skirmisher St:15 Dx:12 Co:18 In:11 Wi:8 Ch:7 Lawful Dlvl:10 $:90 HP:0(55) Pw:5(5) AC:1 Xp:5/274 T:3443 Burdened Latest messages: You swap places with the peaceful gnome. You are carrying too much to get through. You are carrying too much to get through. What do you want to zap? [wA-CMR or ?*] ? In what direction? l You see here a whistle. Your knapsack cannot accommodate any more items. You drop a sling. You drop an uncursed aklys. You drop a flail. You drop an angled poleaxe. You have a little trouble lifting T - a whistle. What do you want to use or apply? [hkltwA-CMQ-T or ?*] T You produce a high whistling sound. What do you want to call? [e-hk-svxyB-DL-OR-Y or ?*] T Call a whistle: tin The large dog is caught in a spider web. You see here a pair of low boots. You hear crashing rock. You have a little trouble lifting Z - a pair of low boots. You hit the giant spider! The giant spider bites! The giant spider bites! The giant spider bites! The giant spider's bite was poisoned! You miss the giant spider. The giant spider bites! The giant spider's bite was poisoned! What do you want to zap? [wA-CMR or ?*] ? In what direction? k The wand hits the giant spider! The giant spider misses! You hit the giant spider. The giant spider bites! The giant spider bites! The giant spider misses! What do you want to use or apply? [hkltwA-CMQ-T or ?*] ? In what direction? k The giant spider is blinded by the flash! Pick an object. What do you want to use or apply? [hkltwA-CMQ-T or ?*] Q In what direction? k The giant spider is illuminated. The giant spider bites! You die... Do you want your possessions identified? [ynq] (y) y Do you want to see your attributes? [ynq] (y) y Do you want an account of creatures vanquished? [ynaq] (y) y Do you want to see your conduct and achievements? [ynq] (y) y Do you want to see the dungeon overview? [ynq] (y) y Inventory: Coins ('$') $ - 90 gold pieces Weapons (')') K - 13 uncursed +4 darts P - 14 uncursed +1 darts J - an uncursed +0 dart G - 5 blessed +1 daggers named +1 F - 3 blessed +0 daggers named +0 b - 2 uncursed +0 daggers (alternate weapons; not wielded) a - an uncursed +1 dwarvish spear (weapon in right hand) Armor ('[') H - an uncursed +0 pair of iron shoes (being worn) Z - an uncursed +0 pair of low boots c - an uncursed +3 small shield (being worn) I - an uncursed +0 dwarvish cloak (being worn) z - an uncursed +0 studded leather armor (being worn) Comestibles ('%') d - 2 uncursed food rations E - 2 uncursed fortune cookies j - 2 uncursed tripe rations Scrolls ('?') V - an uncursed scroll of gold detection q - a blessed scroll of identify m - 2 uncursed scrolls of identify W - a blessed scroll of light L - an uncursed scroll of magic mapping n - an uncursed scroll of punishment f - an uncursed scroll of teleportation Spellbooks ('+') h - an uncursed spellbook of detect treasure Potions ('!') x - an uncursed potion of blindness D - an uncursed potion of extra healing r - 2 uncursed potions of healing s - 3 cursed potions of healing O - an uncursed potion of invisibility N - an uncursed potion of paralysis Wands ('/') A - an uncursed wand of digging (0:4) w - an uncursed wand of digging (0:3) M - an uncursed wand of light (0:15) R - an uncursed wand of magic missile (0:6) B - an uncursed wand of striking (0:6) C - an uncursed wand of striking (0:5) Tools ('(') t - an uncursed blindfold Q - an uncursed expensive camera (0:84) S - an uncursed mirror l - a blessed oil lamp (lit) k - an uncursed skeleton key T - an uncursed tin whistle Gems/Stones ('*') g - an uncursed sapphire y - 2 uncursed worthless pieces of blue glass e - an uncursed worthless piece of green glass U - an uncursed worthless piece of orange glass X - 2 uncursed worthless pieces of red glass Y - 3 uncursed worthless pieces of violet glass v - 2 uncursed worthless pieces of white glass o - 3 uncursed worthless pieces of yellow glass p - 3 uncursed worthless pieces of yellowish brown glass Laycre the Valkyrie's attributes: Background: You were a Skirmisher, a level 5 dwarven Valkyrie. You were lawful, on a mission for Tyr who was opposed by Odin (neutral) and Loki (chaotic). You were right-handed. You were in the Gnomish Mines, on level 10. You entered the dungeon 3443 turns ago. It was nighttime. You had 274 experience points, 46 more were needed to attain level 6. Basics: You had 0 out of 55 hit points. You had all 5 energy points (spell power). Your armor class was 1. Your wallet contained 90 zorkmids. Autopickup was on for '$=/!?"' plus thrown, with exceptions. Final Characteristics: Your strength was 15 (peak:18/01, limit:18/100). Your dexterity was 12 (limit:20). Your constitution was 18 (limit:20). Your intelligence was 11 (limit:16). Your wisdom was 8 (limit:16). Your charisma was 7 (limit:16). Final Status: You weren't hungry. You were burdened; movement was slightly slowed. You were wielding a spear. You had basic skill with spear. Final Attributes: You were piously aligned. Your items were somewhat protected from fire. You were cold resistant. Your items were somewhat protected from cold. You had infravision. You were stealthy. You were warded. You are dead. Miscellaneous: You never encountered a bones level. Total elapsed playing time was 31 minutes and 35 seconds. Major events: Turn 1: laycre the lawful dwarven Valkyrie entered the dungeon 1196: entered the Gnomish Mines 1565: reached Mine Town 1773: attained the rank of Skirmisher (level 3) 3443: killed by a giant spider Vanquished creatures: 2 small mimics a winter wolf cub a giant spider a dingo 2 soldier ants a rock piercer a rock mole a fog cloud a shrieker 6 gnome leaders a gnomish wizard a gray ooze 2 giant ants a little dog 2 dwarves 4 orc zombies an acid blob a coyote a gas spore 2 hobbits a large kobold 2 cave spiders 25 gnomes a gnome zombie 5 geckos 5 jackals a fox 3 goblins a sewer rat 6 grid bugs a lichen 3 kobold zombies 4 newts 91 creatures vanquished. No species were genocided or became extinct. Voluntary challenges: You read items or engraved 3 times. You never engraved Elbereth. You never genocided any monsters. You never polymorphed an object. You never changed form. You used no wishes. Achievements: You entered a shop. You entered the Gnomish Mines. You entered Minetown. You attained the rank of Skirmisher. You entered a temple. The Dungeons of Doom: levels 1 to 4 Level 1: A fountain. Level 2: "vault" A general store, a sink. Level 3: A fountain. Stairs down to The Gnomish Mines. Level 4: The Gnomish Mines: levels 4 to 10 Level 4: Level 5: Level 6: A temple and an altar, many fountains. Level 7: Level 8: Level 9: Level 10: <- You were here. Final resting place for you, killed by a giant spider. Game over: ---------- / \ / REST \ / IN \ / PEACE \ / \ | laycre | | 90 Au | | killed by a | | giant spider | | | | | | 2024 | *| * * * | * _________)/\\_//(\/(/\)/\//\/|_)_______ Farvel laycre the Valkyrie... You died in The Gnomish Mines on dungeon level 10 with 1637 points, and 90 pieces of gold, after 3443 moves. You were level 5 with a maximum of 55 hit points when you died.